 Dungeon Crawl Stone Soup version 0.31-a0-233-g139696dc86 (webtiles) character file.

Game seed: 5559805819605202023

4057 dolemite99 the Grappler (level 10, -2/77 HPs)
             Began as a Yellow Draconian Transmuter on July 10, 2023.
             Was a High Priest of Ru.
             Slain by a cyclops (7 damage)
             ... on level 9 of the Dungeon.
             The game lasted 00:19:49 (13790 turns).

dolemite99 the Grappler (DrTm)                     Turns: 13790, Time: 00:19:49

Health: -2/77      AC:  8    Str: 14    XL:     10   Next: 4%
Magic:  0/12       EV: 11    Int: 15    God:    Ru [*****.]
Gold:   428        SH:  9    Dex: 13    Spells: 2/12 levels left

rFire   . .          .
                       - Unarmed
rCold   . . .        i - +0 kite shield
rNeg    . . .        (body armour unavailable)
rPois   .            b - melded +2 hat {Stlth+}
rElec   .            (no cloak)
rCorr   +            u - +0 pair of gloves
SInv    .            (boots currently unavailable)
Will    +....        k - amulet of guardian spirit
Stlth   +            C - ring of willpower
HPRegen 0.32/turn    (no ring)
MPRegen 0.13/turn

%: guardian spirit
@: appendages, wereblooded (expiring), unable to drink
A: horns 2, talons 2, spit acid, AC +7, unfitting armour, cold-blooded,
inability to drink after injury 2, inability to use devices, unskilled 1, acid
resistance
a: Breathe Acid, End Transformation, Renounce Religion, Draw Out Power, Power
Leap, Apocalypse


You were on level 9 of the Dungeon.
You worshipped Ru.
Ru was extremely pleased with you.
You had temporarily grown beastly horns and talons.
You visited 1 branch of the dungeon, and saw 9 of its levels.
You also visited: Ossuary.

You collected 428 gold pieces.

Inventory:

Hand Weapons
 a - a +1 sling of flaming
 h - a +4 dagger
 j - a +0 sling
 r - a +0 dagger of draining
 F - the +0 trident of Moral Flaws {freeze, rPois rF+ rC+ Str+3}
   (You took it off a kobold brigand on level 8 of the Dungeon)

   Str:       It affects your strength (+3).
   rF:        It protects you from fire.
   rC:        It protects you from cold.
   rPois:     It protects you from poison.
Missiles
 g - 17 poisoned darts
 q - 6 boomerangs
 w - 2 curare-tipped darts
 y - a throwing net
 D - 5 javelins
Armour
 b - a +2 hat of stealth (melded)
 i - a +0 kite shield (worn)
 u - a +0 pair of gloves (worn)
Magical Staves
 s - a staff of fire
Jewellery
 k - an amulet of guardian spirit (around neck)
 C - a ring of willpower (left hand)
 E - a ring of wizardry
Wands
 m - a wand of digging (5)
 t - a wand of flame (14)
 x - a wand of acid (10)
 B - a wand of charming (6)
Scrolls
 d - 2 scrolls of fog
 l - a scroll of identify {@r1}
 n - a scroll of noise
 p - a scroll of silence
 v - a scroll of teleportation
 G - a scroll of torment {unknown}
Potions
 c - 6 potions of mutation
 e - 2 potions of magic
 f - a potion of cancellation
 o - 3 potions of enlightenment
 z - 3 potions of lignification
 A - 2 potions of curing


   Skills:
 + Level 3.2 Fighting
 + Level 2.9 Dodging
 - Level 5.1 Shields
 * Level 9.6 Unarmed Combat
 - Level 1.7 Spellcasting
 * Level 7.2 Transmutations


You had 2 spell levels left.
You knew the following spells:

 Your Spells              Type           Power      Damage    Failure   Level
a - Wereblood             Tmut           23%        N/A       5%          2
b - Beastly Appendage     Tmut           46%        N/A       3%          1
c - Spider Form           Tmut/Pois      12%        N/A       43%         3
d - Ice Form              Ice/Tmut       12%        N/A       83%         4

Your spell library contained the following spells:

 Spells                   Type           Power      Damage    Failure   Level
 Ozocubu's Armour         Ice            1%         N/A       90%         3
 Metabolic Englaciation   Hex/Ice        0%         N/A       100%        5
 Simulacrum               Ice/Necr       0%         N/A       100%        6


Dungeon Overview and Level Annotations

Branches:
Dungeon (9/15)             Temple (0/1) D:5         Ossuary (visited)
   Lair: D:8-11         Orc: D:9-12

Altars:
Fedhas
Ru
Uskayaw
Yredelemnul
Zin

Shops:
D:1 (   D:6 (

Annotations:
D:4 1 runed translucent door, Crazy Yiuf, Dowan, Duvessa


Innate Abilities, Weirdness & Mutations

You have temporarily grown beastly horns and talons.
You can spit globs of acid.
Your golden yellow scales are hard. (AC +7)
You cannot fit into any form of body armour.
You are cold-blooded and may be slowed by cold attacks.
You sometimes lose the ability to drink potions when taking damage.
You cannot study or use magical devices.
You are somewhat unskilled. (-1 Apt)
You are resistant to acid. (rCorr)


Message History

The troll attacks as you move away! The troll bites you. The troll claws you.
You block the troll's attack. You block the gnoll's attack.
You punch the ynoxinul! You claw the ynoxinul. You tail-slap the ynoxinul.
The ynoxinul is heavily wounded.
The gnoll closely misses you. You block the troll's attack. x2
The troll claws you!
The kobold demonologist casts a spell.
The ynoxinul gestures.
Okay, then.
As you read the scroll of teleportation, it crumbles to dust.
You feel strangely unstable. You block the gnoll's attack.
The ufetubus hits you but does no damage.
You block the ufetubus's attack. You block the troll's attack.
The troll claws you.
* * * LOW HITPOINT WARNING * * *
The troll barely misses you. The orc warrior closely misses you.
The ynoxinul hits you but does no damage.
Your primal bloodlust is almost over.
You block the ufetubus's attack.
The ufetubus hits you but does no damage.
The gnoll hits you with a +0 flail!
You feel threatened and lose the ability to drink potions!
* * * LOW HITPOINT WARNING * * *
You focus your inner power and paralyse the gnoll in retribution!
The troll bites you.
* * * LOW HITPOINT WARNING * * *
The troll claws you.
* * * LOW HITPOINT WARNING * * *
The troll closely misses you. You block the orc warrior's attack.
The ynoxinul completely misses you. The ufetubus hits you.
* * * LOW HITPOINT WARNING * * *
The ufetubus hits you.
* * * LOW HITPOINT WARNING * * *
You feel less exhausted.
Your surroundings suddenly seem different.
A bullfrog, an orc wizard and a cyclops come into view.
The bullfrog gives a loud, deep croak!
The orc wizard shouts!
The howler monkey howls!
The cyclops shouts!
You hear a bellow!
You block the bullfrog's attack. The cyclops hits you!
You die...

##...# #.g.# .#
.#. #.
#.....W....#
#.. ..#
#.....##....#
.. #... #.....#
....... ...
#...... #...#.
#...#. ##....##
#.#.. #.#...#
##....#
...#..C#...#...
.#.....
.......@......o
.
.#...#F..#...#.
. ..# #...#.#
..# . ....##
#...#...# . .
...... ..... .
... # ....#
...... ......
##....#
...###h. ##
####
......##... #..
.........K.


You could see a cyclops, a bullfrog, a howler monkey and an orc wizard.

Vanquished Creatures
  A hornet (D:8)
  Sigmund (D:4)
  A wraith (D:9)
  A steam dragon (D:8)
  A vampire mosquito (D:9)
  2 water moccasins
  3 orc warriors
  An ice beast (D:8)
  A black bear (D:7)
  An ogre (D:6)
  A sky beast (D:8)
  3 centaurs
  An elf zombie (Ossuary)
  Blork the orc (D:4)
  4 kobold brigands
  5 bullfrogs
  3 scorpions
  A gnoll sergeant (D:7)
  6 wights
  3 centaur zombies (Ossuary)
  4 hounds
  A gnoll bouda (D:9)
  2 orc priests
  3 jellies
  2 iguanas
  3 orc wizards
  3 mummies
  6 adders
  10 gnolls
  3 shadow imps
  3 white imps
  An ufetubus (D:6)
  4 adder zombies
  A worm (D:2)
  3 dart slugs
  15 orcs
  8 endoplasms
  2 giant cockroaches
  4 hobgoblins
  5 quokkas
  5 ball pythons
  6 bats
  2 frilled lizards
  6 goblins
  3 goblin zombies (Ossuary)
  8 hobgoblin zombies (Ossuary)
  18 kobolds
  6 kobold zombies (Ossuary)
  11 orc zombies (Ossuary)
  2 rats
  2 rat zombies (Ossuary)
193 creatures vanquished.

Vanquished Creatures (others)
  A phantom (D:6)
  A bullfrog skeleton (D:4)
  A kobold (D:8)
3 creatures vanquished.

Grand Total: 196 creatures vanquished

Notes
Turn   | Place    | Note
-------+----------+-------------------------------------------
     0 | D:1      | dolemite99 the Draconian Transmuter began the quest for the
                  | Orb.
     0 | D:1      | Reached XP level 1. HP: 16/16 MP: 3/3
   872 | D:1      | Reached XP level 2. HP: 22/23 MP: 5/5
  1023 | D:1      | Found Juororin's Weapon Emporium.
  1168 | D:2      | Reached skill level 4 in Unarmed Combat
  1177 | D:2      | Reached XP level 3. HP: 22/28 MP: 6/6
  1555 | D:2      | Identified a scroll of acquirement
  1556 | D:2      | Acquired a +2 hat of stealth
  2096 | D:3      | Reached skill level 5 in Unarmed Combat
  2096 | D:3      | Reached XP level 4. HP: 35/35 MP: 4/7
  2300 | D:3      | Found a faded altar of an unknown god.
  2560 | D:3      | Prayed at the altar of an unknown god.
  2560 | D:3      | Became a worshipper of Ru the Awakened
  2578 | D:3      | Gained mutation: You are somewhat unskilled. (-1 Apt) [Ru
                  | sacrifice]
  2578 | D:3      | Reduced skill Spellcasting to level 1
  2578 | D:3      | Reduced skill Transmutations to level 1
  2578 | D:3      | Reached * piety under Ru
  2619 | D:3      | Found a glowing silver altar of Zin.
  2657 | D:3      | Found a basalt altar of Yredelemnul.
  2678 | D:3      | Found a blossoming altar of Fedhas.
  2914 | D:3      | Found a hide-covered altar of Uskayaw.
  2958 | D:4      | Reached skill level 1 in Shields
  3228 | D:5      | Entered Level 5 of the Dungeon
  3471 | D:5      | Reached XP level 5. HP: 40/40 MP: 7/7
  3581 | D:5      | Found a staircase to the Ecumenical Temple.
  4162 | D:4      | Noticed Blork the orc
  4177 | D:4      | Killed Blork the orc
  4178 | D:4      | Reached XP level 6. HP: 47/47 MP: 8/8
  4337 | D:4      | Noticed Sigmund
  4352 | D:4      | Killed Sigmund
  4358 | D:4      | Reached skill level 5 in Shields
  4358 | D:4      | Your scales start taking on a golden yellow colour.
  4358 | D:4      | Reached XP level 7. HP: 52/52 MP: 6/9
  4358 | D:4      | Gained mutation: You are resistant to acid. (rCorr) [Yellow
                  | Draconian growth]
  4605 | D:4      | Found a runed translucent door.
  4606 | D:4      | Noticed Crazy Yiuf
  4705 | D:4      | Noticed Duvessa
  4710 | D:4      | Noticed Dowan
  5922 | D:5      | Reached skill level 6 in Unarmed Combat
  6512 | D:6      | Found Ugedoci's Antique Weapon Boutique.
  6746 | D:6      | Reached skill level 7 in Unarmed Combat
  7278 | D:6      | Reached XP level 8. HP: 59/59 MP: 8/10
  7838 | D:6      | Reached skill level 8 in Unarmed Combat
  8421 | D:6      | Gained mutation: You occasionally lose the ability to drink
                  | potions when taking damage. [Ru sacrifice]
  8421 | D:6      | Gained mutation: You sometimes lose the ability to drink
                  | potions when taking damage. [Ru sacrifice]
  8421 | D:6      | Reached ** piety under Ru
  8885 | D:7      | Found a sand-covered staircase.
  8943 | D:7      | Learned a level 2 spell: Wereblood
  8944 | Ossuary  | Entered an ossuary
 10504 | D:7      | Reached XP level 9. HP: 59/64 MP: 9/11
 10564 | D:7      | Reached skill level 5 in Transmutations
 11298 | D:8      | Learned a level 3 spell: Spider Form
 11303 | D:8      | Learned a level 4 spell: Ice Form
 12217 | D:8      | Reached skill level 9 in Unarmed Combat
 12267 | D:8      | Identified the +0 trident of Moral Flaws {freeze, rPois rF+
                  | rC+ Str+3}
 12890 | D:8      | Gained mutation: You cannot study or use magical devices.
                  | [Ru sacrifice]
 12890 | D:8      | Reached *** piety under Ru
 12890 | D:8      | Reached **** piety under Ru
 12890 | D:8      | Reached ***** piety under Ru
 13767 | D:9      | Noticed a kobold demonologist
 13769 | D:9      | Reached XP level 10. HP: 74/76 MP: 7/12
 13790 | D:9      | Noticed a cyclops
 13790 | D:9      | Slain by a cyclops

Illustrated notes

Levels and vault maps discovered:
D:1:      arrival_zaba_pyramid, layout_basic, serial_shops,
          nicolae_shop_bloodbath_and_beyond
D:2:      cheibrodos_helix_gallery, layout_rooms
D:3:      layout_rooms, nicolae_overflow_quartered_altars,
          shapermc_ecumenical_altar_ellora, nrook_campfire
D:4:      layout_rooms, serial_undead, serial_undead_a, serial_undead_e,
          serial_undead_a, serial_undead_f, uniq_blork_the_orc, uniq_duvessa,
          uniq_crazy_yiuf_cottage, uniq_sigmund
D:5:      layout_gridville, minmay_temple_entry_grid, palyth_stone_intersect
D:6:      layout_basic, serial_shops, shop
D:7:      layout_loops_ring, gup_ossuary_entry_pyramid
D:8:      layout_basic
D:9:      cheibrodos_fzero, layout_gridville, lair_entry_dummy, orc_0_dummy,
          uniq_erica

Skill      XL: |  1  2  3  4  5  6  7  8  9 |
---------------+----------------------------+-----
Unarmed Combat | 4 5 7 8 9 |  9.6
Spellcasting   | 1 |  1.7
Transmutations | 1 4 7 |  7.2
Shields        | 1 3 5 |  5.1
Fighting       | 3 |  3.2
Dodging        | 2 |  2.9

Action                     |  1- 3 |  4- 6 |  7- 9 | 10-12 || total
---------------------------+-------+-------+-------+-------++-------
  Melee: Unarmed           |   121 |   112 |   415 |     6 ||   654
         Tailslap          |     6 |    18 |    53 |     1 ||    78
         Headbutt          |       |       |    38 |       ||    38
         Kick              |       |       |    76 |     4 ||    80
   Fire: Sling             |       |    43 |    55 |       ||    98
   Cast: Beastly Appendage |       |       |    34 |       ||    34
         Wereblood         |       |       |    11 |       ||    11
 Invoke: Sacrifice Skill   |       |     1 |       |       ||     1
         Sacrifice Drink   |       |       |     1 |       ||     1
         Draw Out Power    |       |       |     1 |       ||     1
         Sacrifice Artific |       |       |     1 |       ||     1
         Power Leap        |       |       |       |     1 ||     1
Ability: Breathe Acid      |       |       |    11 |       ||    11
  Evoke: Wand              |       |       |     3 |       ||     3
    Use: Potion            |     1 |     2 |    11 |       ||    14
         Scroll            |     7 |     4 |    11 |     1 ||    23
   Stab: Sleeping          |     1 |     4 |     1 |       ||     6
         Distracted        |       |       |     2 |       ||     2
         Invisible         |       |       |     2 |       ||     2
 Armour: Skin              |    52 |    62 |   170 |     4 ||   288
  Dodge: Dodged            |    88 |    48 |   233 |    10 ||   379
  Block: Kite shield       |       |    50 |   272 |    15 ||   337

Table legend: (Time is in decaauts)
 A = Elapsed time spent in this place.
 B = Non-inter-level travel time spent in this place.
 C = Inter-level travel time spent in this place.
 D = Time resting spent in this place.
 E = Time spent auto-exploring this place.
 F = Levels seen in this place.
 G = Mean time per level.
                   A        B        C        D        E       F      G
               +--------+--------+--------+--------+--------+-----+--------+
         Total |  13896 |  13614 |    282 |   7019 |   4112 |  10 | 1389.6 |
       Dungeon |  12886 |  12604 |    282 |   6393 |   4031 |   9 | 1431.8 |
       Ossuary |   1009 |   1009 |      0 |    626 |     81 |   1 | 1009.0 |
               +--------+--------+--------+--------+--------+-----+--------+

Top non-repeatable levels by time:
     D:6: 2459 daAuts
     D:8: 2262 daAuts
     D:5: 2255 daAuts
     D:3: 1242 daAuts
     D:7: 1219 daAuts
     D:1: 1082 daAuts
 Ossuary: 1009 daAuts
     D:4: 961 daAuts
     D:2: 872 daAuts
     D:9: 531 daAuts
